 Dungeon Crawl Stone Soup version 0.17-a0-1184-gb75be8f (webtiles) character file.

4391 Zwobot the Spear-Bearer (level 10, 0/81 HPs)
             Began as a Centaur Arcane Marksman on June 1, 2015.
             Was a Priest of Kikubaaqudgha.
             Slain by Bull's ghost (6 damage)
             ... on level 9 of the Dungeon.
             The game lasted 00:40:06 (14551 turns).

Zwobot the Spear-Bearer (Centaur Arcane Marksman)  Turns: 14551, Time: 00:40:07

Health: 0/81       AC: 12    Str: 17    XL:     10   Next: 13%
Magic:  2/11       EV: 13    Int: 13    God:    Kikubaaqudgha [***...]
Gold:   666        SH:  0    Dex:  8    Spells: 4 memorised, 2 levels left

rFire  . . .     SeeInvis .     a - +5 trident
rCold  . . .     Clarity  .     s - +0 robe
rNeg   . . .     SustAt   .     (no shield)
rPois  .         Gourm    .     (no helmet)
rElec  .         Spirit   .     E - +2 cloak
rCorr  .         Warding  .     (no gloves)
rMut   .         Stasis   .     I - +1 centaur barding {Stlth+}
MR     .....                    (no amulet)
Stlth  ++........               U - +6 ring of evasion
                                l - ring of wizardry

@: very quick, not resistant to hostile enchantments, unstealthy
A: hooves 3, deformed body, speed 2, tough skin 3
a: Receive Corpses, Renounce Religion


You were on level 9 of the Dungeon.
You worshipped Kikubaaqudgha.
Kikubaaqudgha was most pleased with you.
You were very hungry.

You visited 1 branch of the dungeon, and saw 9 of its levels.

You collected 666 gold pieces.

Inventory:

Hand weapons
 a - a +5 trident (weapon)
 b - a +0 blowgun
 c - a cursed -2 short sword
 h - a +0 mace
 j - a +0 whip
 V - a +4 spear
Missiles
 r - 57 poisoned needles
 u - 3 javelins (quivered)
 v - 4 throwing nets
 R - 252 stones
Armour
 o - a +0 chain mail
 s - a +0 robe (worn)
 y - a +0 cloak
 E - a +2 cloak (worn)
 I - a +1 centaur barding of stealth (worn)
Jewellery
 l - a ring of wizardry (left hand)
 A - an uncursed ring of sustain attributes
 C - an uncursed ring of invisibility
 S - an uncursed amulet of guardian spirit
 T - an uncursed ring of wizardry
 U - a +6 ring of evasion (right hand)
 Y - an uncursed ring of see invisible
Magical devices
 p - a wand of disintegration (11)
 H - a wand of frost (18)
 J - a wand of digging (9)
 M - a wand of lightning (7)
Scrolls
 i - 3 scrolls of remove curse
 k - a scroll of magic mapping
 m - 3 scrolls of teleportation
 n - 3 scrolls of blinking
 w - 2 scrolls of recharging
 L - a scroll of summoning {unknown}
 O - a scroll of noise {unknown}
 W - a scroll of silence {unknown}
Potions
 f - 2 potions of flight
 g - 2 potions of might
 x - 5 potions of curing
 z - 2 potions of brilliance
 G - a potion of cure mutation
Books
 d - a book of Debilitation

   Spells                             Type                      Level
   a - Corona                         Hexes                        1
   b - Slow                           Hexes                        2
   c - Gell's Gravitas                Hexes/Translocation          3
   d - Inner Flame                    Hexes/Fire                   3
   e - Cause Fear                     Hexes                        4
   f - Leda's Liquefaction            Hexes/Earth                  4
 t - Kikubaaqudgha's Tome of Sinister Magic
   (Kikubaaqudgha gifted it to you on level 8 of the Dungeon)

   Spells                             Type                      Level
   a - Animate Dead                   Necromancy                   4
   b - Agony                          Necromancy                   5
   c - Dispel Undead                  Necromancy                   5
   d - Simulacrum                     Ice/Necromancy               6
   e - Death Channel                  Necromancy                   6
 B - a book of Burglary

   Spells                             Type                      Level
   a - Swiftness                      Charms/Air                   2
   b - Passwall                       Transmutation/Earth          3
   c - Passage of Golubria            Translocation                4
   d - Lee's Rapid Deconstruction     Earth                        5
   e - Invisibility                   Hexes                        6
   f - Darkness                       Hexes                        7
 D - a book of the Dragon

   Spells                             Type                      Level
   a - Flame Tongue                   Conjuration/Fire             1
   b - Cause Fear                     Hexes                        4
   c - Bolt of Fire                   Conjuration/Fire             6
   d - Dragon Form                    Transmutation                7
   e - Dragon's Call                  Summoning                    9
 F - a book of Transfigurations

   Spells                             Type                      Level
   a - Stoneskin                      Transmutation/Earth          2
   b - Irradiate                      Conjuration/Transmutation    5
   c - Statue Form                    Transmutation/Earth          6
   d - Hydra Form                     Transmutation                6
   e - Dragon Form                    Transmutation                7
 K - a book of Battle

   Spells                             Type                      Level
   a - Infusion                       Charms                       1
   b - Shroud of Golubria             Charms/Translocation         2
   c - Song of Slaying                Charms                       2
   d - Spectral Weapon                Hexes/Charms                 3
   e - Regeneration                   Charms/Necromancy            3
 N - Kikubaaqudgha's Volume of Dark Magic
   (Kikubaaqudgha gifted it to you on level 6 of the Dungeon)

   Spells                             Type                      Level
   a - Pain                           Necromancy                   1
   b - Corpse Rot                     Necromancy                   2
   c - Sublimation of Blood           Necromancy                   2
   d - Regeneration                   Charms/Necromancy            3
   e - Control Undead                 Necromancy                   4
 Q - a book of Necromancy

   Spells                             Type                      Level
   a - Pain                           Necromancy                   1
   b - Animate Skeleton               Necromancy                   1
   c - Vampiric Draining              Necromancy                   3
   d - Regeneration                   Charms/Necromancy            3
   e - Animate Dead                   Necromancy                   4
   f - Control Undead                 Necromancy                   4
Comestibles
 e - a bread ration
 q - 4 meat rations
 X - 7 royal jellies


   Skills:
 - Level 5.0 Fighting
 * Level 11.6 Polearms
 - Level 2.6 Throwing
 - Level 1.3 Dodging
 - Level 1.0 Spellcasting
 - Level 2.6 Hexes
 + Level 4.4 Necromancy


You had 2 spell levels left.
You knew the following spells:

 Your Spells              Type           Power        Failure   Level  Hunger
a - Corona                Hex            #......      4%          1    ##.....
b - Animate Skeleton      Necr           N/A          2%          1    ##.....
c - Animate Dead          Necr           N/A          22%         4    #####..
d - Regeneration          Chrm/Necr      #.........   16%         3    ####...


Dungeon Overview and Level Annotations

Branches:
Dungeon (9/15)             Temple (0/1) D:7            Lair (0/8) D:9
    Orc: D:9-12

Altars:
Fedhas
Kikubaaqudgha
Nemelex Xobeh
Sif Muna
Trog
Vehumet
Zin

Shops:
D:4 (

Annotations:
D:9 Bull's ghost, experienced MiFi


Innate Abilities, Weirdness & Mutations

You have hooves in place of feet.
Armour fits poorly on your strangely shaped body.
You cover ground very quickly.
You have extremely tough skin (AC +3).


Message History

Your bat zombie hits Bull's ghost but does no damage.
Bull's ghost hits you but does no damage.
Your goblin zombie closely misses Bull's ghost.
Unknown command.
You barely miss Bull's ghost. You kick Bull's ghost.
Bull's ghost is moderately damaged.
Your bat zombie closely misses Bull's ghost.
Your hound zombie bites Bull's ghost but does no damage.
Your quokka zombie barely misses Bull's ghost.
Your bat zombie closely misses Bull's ghost.
Unknown command.
Unknown command.
Unknown command.
You hit Bull's ghost.
Bull's ghost is heavily damaged.
Your bat zombie closely misses Bull's ghost.
Bull's ghost hits you!!
* * * LOW HITPOINT WARNING * * *
You die...
Kikubaaqudgha rasps: "You have failed me!
Welcome... death!"

###.....?.......
#...............
###.............#.
#...$...........#
#.#...............
...#.#...../...#####.
........Z.....##
..#.#..WZZ.....#
......ZZ@=.....####)#
##..................#
....#!..............#
###.#......$....###.#
#†#.(........(# #
####.#..............
#..Y.#####..###..###
########.#### ##.#
.... ...Y.(.(..# #.#
#.###


You could see Bull's ghost, a friendly bat zombie, a friendly rat zombie, a
friendly quokka zombie, a friendly hound zombie and a friendly goblin zombie.

Vanquished Creatures
  A queen bee (D:8)
  A two-headed ogre (D:9)
  A hippogriff (D:8)
  A water moccasin (D:7)
  A necrophage (D:6)
  A sky beast (D:8)
  2 black bears
  2 phantoms (D:4)
  2 centaurs (D:8)
  3 ogres
  A crocodile (D:8)
  A big kobold (D:7)
  2 giant frogs
  4 scorpions
  21 killer bees
  An electric eel (D:8)
  3 crimson imps
  A jelly (D:8)
  A quasit (D:9)
  6 hounds
  A giant frog skeleton (D:9)
  4 orc priests
  A centaur skeleton (D:7)
  12 worker ants
  An iguana (D:4)
  6 orc wizards
  A killer bee zombie (D:8)
  8 gnolls
  A worker ant zombie (D:9)
  11 adders
  A shadow imp (D:7)
  2 oozes
  5 worms
  33 orcs
  6 ball pythons
  11 bats
  6 giant cockroaches
  18 goblins
  18 hobgoblins
  9 jackals
  4 quokkas
  A giant gecko (D:9)
  7 giant newts
  A jackal skeleton (D:8)
  16 kobolds
  13 rats
253 creatures vanquished.

Vanquished Creatures (collateral kills)
  A bat (D:8)
1 creature vanquished.

Grand Total: 254 creatures vanquished

Notes
Turn   | Place    | Note
--------------------------------------------------------------
     0 | D:1      | Zwobot the Centaur Arcane Marksman began the quest for the Orb.
     0 | D:1      | Reached XP level 1. HP: 16/16 MP: 2/2
   309 | D:1      | Reached XP level 2. HP: 24/24 MP: 3/3
   822 | D:1      | Reached skill level 3 in Fighting
   822 | D:1      | Reached XP level 3. HP: 10/31 MP: 4/4
  1963 | D:2      | Reached XP level 4. HP: 26/40 MP: 5/5
  2149 | D:2      | Reached skill level 4 in Fighting
  3194 | D:3      | Reached skill level 1 in Polearms
  3194 | D:3      | Reached XP level 5. HP: 33/47 MP: 6/6
  3781 | D:3      | Found a bloodstained altar of Trog.
  3838 | D:3      | Found a sparkling altar of Nemelex Xobeh.
  3839 | D:3      | Found a glowing silver altar of Zin.
  4096 | D:3      | Reached skill level 5 in Fighting
  4358 | D:3      | Reached XP level 6. HP: 56/56 MP: 7/7
  5070 | D:4      | Reached XP level 7. HP: 45/61 MP: 8/8
  5081 | D:4      | Found Gaujo's Antique Weapon Boutique.
  5136 | D:4      | Reached skill level 5 in Polearms
  6263 | D:5      | Entered Level 5 of the Dungeon
  6326 | D:5      | You fall through a shaft!
  6579 | D:5      | Found an ancient bone altar of Kikubaaqudgha.
  6584 | D:5      | Became a worshipper of Kikubaaqudgha
  6868 | D:5      | Reached skill level 6 in Polearms
  7694 | D:6      | Reached skill level 7 in Polearms
  7694 | D:6      | Reached XP level 8. HP: 60/68 MP: 9/9
  8127 | D:6      | Found a blossoming altar of Fedhas.
  8214 | D:6      | Acquired Kikubaaqudgha's first power
  8214 | D:6      | Received a gift from Kikubaaqudgha
  8217 | D:6      | Identified Kikubaaqudgha's Volume of Dark Magic (Kikubaaqudgha gifted it to you on level 6 of the Dungeon)
  8417 | D:6      | Reached skill level 8 in Polearms
  8665 | D:7      | Found a staircase to the Ecumenical Temple.
  9895 | D:8      | Reached skill level 9 in Polearms
 10144 | D:8      | Identified a scroll of acquirement
 10324 | D:8      | Learned a level 1 spell: Animate Skeleton
 10329 | D:8      | Learned a level 4 spell: Animate Dead
 10358 | D:8      | Reached XP level 9. HP: 70/73 MP: 10/10
 10524 | D:8      | Acquired Kikubaaqudgha's second power
 10528 | D:8      | Reached skill level 1 in Necromancy
 10586 | D:8      | Found a deep blue altar of Sif Muna.
 10586 | D:8      | Found a radiant altar of Vehumet.
 10736 | D:8      | Reached skill level 10 in Polearms
 10878 | D:8      | Learned a level 3 spell: Regeneration
 11284 | D:9      | Noticed Bull's ghost (experienced MiFi)
 12969 | D:8      | Reached skill level 11 in Polearms
 13453 | D:8      | Received a gift from Kikubaaqudgha
 13456 | D:8      | Identified Kikubaaqudgha's Tome of Sinister Magic (Kikubaaqudgha gifted it to you on level 8 of the Dungeon)
 13977 | D:9      | Reached XP level 10. HP: 59/81 MP: 7/11
 14465 | D:9      | Found a staircase to the Lair.
 14551 | D:9      | Slain by Bull's ghost

Vault maps used:
D:1:      lightli_arrival_windingriver
D:3:      nicolae_overflow_hidden_temple, grunt_temple_overflow_open,
          first_bread
D:4:      kennysheep_the_goblin_king, serial_shops, kennysheep_mini_moat,
          minmay_door_square
D:5:      lemuel_doored_altar
D:6:      fedhas_altar_4, corner_web_ring
D:7:      minmay_temple_entry_mist
D:8:      minitemple
D:9:      dpeg_lair_monsters, david_nohive_1

Action                   |  1- 3 |  4- 6 |  7- 9 | 10-12 || total
-------------------------+-------+-------+-------+-------++-------
Melee: Unarmed           |    36 |       |       |       ||    36
       Whip              |   122 |    32 |       |       ||   154
       Trident           |       |   172 |   602 |    53 ||   827
       Mace              |       |     8 |       |       ||     8
 Fire: Blowgun           |       |       |    27 |     3 ||    30
Throw: Javelin           |     8 |     9 |     3 |       ||    20
       Throwing net      |       |     2 |       |       ||     2
       Stone             |       |     1 |       |       ||     1
 Cast: Corona            |     1 |     4 |     9 |     2 ||    16
       Animate Dead      |       |       |     6 |     4 ||    10
       Animate Skeleton  |       |       |     2 |       ||     2
Invok: Receive Corpses   |       |       |       |     2 ||     2
Evoke: Wand              |       |       |     4 |       ||     4
  Use: Potion            |       |     5 |     7 |       ||    12
       Scroll            |       |     7 |     9 |       ||    16
 Stab: Sleeping          |       |       |     2 |     1 ||     3
       Distracted        |       |       |     1 |       ||     1
  Eat: Chunk             |     2 |     9 |    19 |       ||    30
       Bread ration      |       |       |     2 |       ||     2
       Beef jerky        |       |       |     1 |       ||     1
